 Dungeon Crawl Stone Soup version 0.24.0-1-gfbc8707 (webtiles) character file.

Game seed: 7989854593024479808, levelgen mode: deterministic

310 Buxparty the Slicer (level 6, -5/47 HPs)
             Began as a Gnoll Wanderer on Jan 9, 2020.
             Slain by Grinder (10 damage)
             ... while paralysed by Grinder
             ... on level 3 of the Dungeon.
             The game lasted 00:07:29 (2608 turns).

Buxparty the Slicer (Gnoll Wanderer)                Turns: 2608, Time: 00:07:29

Health: -5/47      AC:  7    Str: 14    XL:     6   Next: 41%
Magic:  9/9        EV:  2    Int: 16    God:
Gold:   82         SH:  0    Dex: 15    Spells: 8/8 levels left

rFire    . . .     SeeInvis .   a - +2 short sword
rCold    + . .     Gourm    .   (no shield)
rNeg     . . .     Faith    .   q - +0 leather armour
rPois    .         Spirit   .   (no helmet)
rElec    .         Reflect  .   (no cloak)
rCorr    .         Harm     .   l - +0 pair of gloves
MR       .....                  g - +2 pair of boots {Fly}
Stlth    ++........             (no amulet)
HPRegen  0.15/turn              e - +6 ring of evasion
MPRegen  0.11/turn              h - ring of protection from cold

@: paralysed, flying, lightly drained
A: distributed training, fangs 1, strong nose
a: Stop Flying


You were on level 3 of the Dungeon.
You were very full.

You visited 1 branch of the dungeon, and saw 3 of its levels.

You collected 82 gold pieces.

Inventory:

Hand Weapons
 a - a +2 short sword (weapon)
 t - a +0 spear of flaming
 v - a +4 quarterstaff of chaos
Missiles
 k - 2 throwing nets (quivered)
 s - 43 sling bullets
Armour
 d - a +0 robe
 g - a +2 pair of boots of flying (worn)
 l - a +0 pair of gloves (worn)
 q - a +0 leather armour (worn)
 u - a +1 cloak of poison resistance
Jewellery
 e - a +6 ring of evasion (left hand)
 h - a ring of protection from cold (right hand)
Scrolls
 c - 3 scrolls of teleportation
 i - 4 scrolls of identify {unknown}
 j - 2 scrolls of remove curse {unknown}
 n - a scroll of fear {unknown}
 p - a scroll of enchant armour {unknown}
 r - 2 scrolls of random uselessness {unknown}
Potions
 b - a potion of lignification
 m - a potion of resistance {unknown}
 o - 2 potions of curing {unknown}
Comestibles
 f - 4 rations


   Skills:
 + Level 3.2(3.0) Fighting
 + Level 8.7(8.5) Short Blades
 + Level 3.2(3.0) Long Blades
 + Level 1.9(1.7) Axes
 + Level 1.9(1.7) Maces & Flails
 + Level 1.9(1.7) Polearms
 + Level 1.9(1.7) Staves
 + Level 1.9(1.7) Slings
 + Level 1.9(1.7) Bows
 + Level 1.9(1.7) Crossbows
 + Level 1.9(1.7) Throwing
 + Level 1.9(1.7) Armour
 + Level 5.0(4.7) Dodging
 + Level 1.9(1.7) Stealth
 + Level 1.9(1.7) Shields
 + Level 1.9(1.7) Unarmed Combat
 + Level 1.9(1.7) Spellcasting
 + Level 1.5(1.3) Conjurations
 + Level 1.5(1.3) Hexes
 + Level 1.5(1.3) Charms
 + Level 1.5(1.3) Summonings
 + Level 1.5(1.3) Necromancy
 + Level 1.5(1.3) Translocations
 + Level 1.5(1.3) Transmutations
 + Level 1.5(1.3) Fire Magic
 + Level 1.5(1.3) Ice Magic
 + Level 1.5(1.3) Air Magic
 + Level 1.5(1.3) Earth Magic
 + Level 1.5(1.3) Poison Magic
 + Level 2.1(1.9) Invocations
 + Level 5.0(4.7) Evocations


You had 8 spell levels left.
You didn't know any spells.
Your spell library contained the following spells:

 Spells                   Type           Power        Failure   Level  Hunger
 Corona                   Hex            #......      16%         1    ##.....
 Ensorcelled Hibernation  Hex/Ice        #.....       24%         2    ###....
 Confuse                  Hex            #.......     43%         3    ####...
 Dazzling Spray           Conj/Hex       #.....       43%         3    ####...
 Tukima's Dance           Hex            #.......     43%         3    ####...


Dungeon Overview and Level Annotations

Branches:
Dungeon (3/15)

Altars:

Annotations:
D:3 Grinder


Innate Abilities, Weirdness & Mutations

Your experience applies equally to all skills.
You have very sharp teeth.
Your uncanny sense of smell can sniff out nearby items.


Message History

Grinder gestures at you. Pain shoots through your body!
You are too injured to fight recklessly!
You sock Grinder!
Grinder seems to speed up.
Grinder is heavily wounded.
Grinder gestures at you. You resist with significant effort.
Grinder completely misses you.
a - a +2 short sword (weapon)
Grinder closely misses you.
You hit Grinder.
Grinder is severely wounded.
Grinder blinks!
Grinder gestures at you.
You suddenly lose the ability to move!
Grinder hits you. Grinder hits you!
* * * LOW HITPOINT WARNING * * *
You writhe in agony.
* * * LOW HITPOINT WARNING * * *
Grinder hits you!
You die...

#.# ..###.# # ..# #.#.... .##
..# #>#.#.. .(. #..# #.#.#.#
##.# #..# #.#.#.# #.#...# #..#
#.#.#.# #......#####..# #.#.#.#
#.....5@......#
##.....###......####...#
###♣♣♣♣ .....#..##.#...#
#....####....♣. #######.##.####
#.#..##.......♣ # ###(##.#
#.#.†........♣♣ #####......#
######.##.###....♣♣
.>.........###.............##♣♣
#####..................#####
........)..###.##.#......###


You could see Grinder.

Vanquished Creatures
  Sigmund (D:3)
  Crazy Yiuf (D:3)
  A hound (D:2)
  Robin (D:2)
  An adder (D:2)
  An ooze (D:2)
  3 worms (D:2)
  An orc (D:3)
  2 giant cockroaches (D:2)
  14 goblins
  10 hobgoblins
  3 jackals (D:1)
  A ball python (D:1)
  9 bats
  A frilled lizard (D:1)
  6 kobolds
  8 rats
64 creatures vanquished.

Notes
Turn   | Place    | Note
-------+----------+-------------------------------------------
     0 | D:1      | Buxparty the Gnoll Wanderer began the quest for the Orb.
     0 | D:1      | Buxparty set off with the following items: a +2 short
                  | sword, a potion of lignification, a scroll of
                  | teleportation, a +0 robe, a ration
     0 | D:1      | Reached XP level 1. HP: 17/17 MP: 3/3
    87 | D:1      | Reached XP level 2. HP: 20/23 MP: 5/5
   792 | D:1      | Reached XP level 3. HP: 28/28 MP: 6/6
  1119 | D:2      | Noticed Robin
  1155 | D:2      | Killed Robin
  1155 | D:2      | Reached skill level 1 in Invocations
  1168 | D:2      | Reached skill level 1 in Axes
  1168 | D:2      | Reached skill level 1 in Maces & Flails
  1168 | D:2      | Reached skill level 1 in Polearms
  1168 | D:2      | Reached skill level 1 in Staves
  1168 | D:2      | Reached skill level 1 in Slings
  1168 | D:2      | Reached skill level 1 in Bows
  1168 | D:2      | Reached skill level 1 in Crossbows
  1168 | D:2      | Reached skill level 1 in Throwing
  1168 | D:2      | Reached skill level 1 in Armour
  1168 | D:2      | Reached skill level 1 in Stealth
  1168 | D:2      | Reached skill level 1 in Shields
  1168 | D:2      | Reached skill level 1 in Unarmed Combat
  1168 | D:2      | Reached skill level 1 in Spellcasting
  1262 | D:2      | Reached XP level 4. HP: 34/34 MP: 7/7
  1412 | D:2      | Reached skill level 1 in Conjurations
  1412 | D:2      | Reached skill level 1 in Hexes
  1412 | D:2      | Reached skill level 1 in Charms
  1412 | D:2      | Reached skill level 1 in Summonings
  1412 | D:2      | Reached skill level 1 in Necromancy
  1412 | D:2      | Reached skill level 1 in Translocations
  1412 | D:2      | Reached skill level 1 in Transmutations
  1412 | D:2      | Reached skill level 1 in Fire Magic
  1412 | D:2      | Reached skill level 1 in Ice Magic
  1412 | D:2      | Reached skill level 1 in Air Magic
  1412 | D:2      | Reached skill level 1 in Earth Magic
  1412 | D:2      | Reached skill level 1 in Poison Magic
  2004 | D:3      | Reached XP level 5. HP: 40/40 MP: 8/8
  2106 | D:3      | Noticed Sigmund
  2137 | D:3      | Killed Sigmund
  2137 | D:3      | Reached XP level 6. HP: 25/47 MP: 9/9
  2414 | D:3      | Found a runed translucent door.
  2415 | D:3      | Noticed Crazy Yiuf
  2432 | D:3      | Killed Crazy Yiuf
  2432 | D:3      | Reached skill level 5 in Dodging
  2432 | D:3      | Reached skill level 5 in Evocations
  2596 | D:3      | Noticed Grinder
  2605 | D:3      | Paralysed by Grinder for 4 turns
  2608 | D:3      | Slain by Grinder

Levels and vault maps discovered:
D:1:      minmay_arrival_five_plusses, layout_basic, minmay_fountain_box,
          chequers_serial_rivers_micro_e, hangedman_abyss_or_decor_stabs,
          minmay_pentomino_u2
D:2:      layout_loops_ring, serial_co_window_serial, co_window_paths_a,
          co_window_corner_a, co_window_of_opportunity_a,
          co_window_of_opportunity_a, co_window_paths_a, co_window_paths_a,
          co_window_paths_a, co_window_of_opportunity_a,
          co_window_of_opportunity_a, co_window_corner_b, co_window_corner_b,
          co_window_corner_cb, co_window_broadway_b, co_window_of_opportunity_c,
          co_window_cross_2, glass_columns_b, glass_columns_a, glass_columns_a,
          uniq_robin
D:3:      layout_loops_ring, uniq_sigmund, uniq_ijyb, uniq_grinder,
          uniq_crazy_yiuf_cottage

Skill      XL: |  1  2  3  4  5  6 |
---------------+-------------------+-----
Invocations    | 1 2 |  2.1
Axes           | 1 |  1.9
Maces & Flails | 1 |  1.9
Polearms       | 1 |  1.9
Staves         | 1 |  1.9
Slings         | 1 |  1.9
Bows           | 1 |  1.9
Crossbows      | 1 |  1.9
Throwing       | 1 |  1.9
Armour         | 1 |  1.9
Stealth        | 1 |  1.9
Shields        | 1 |  1.9
Unarmed Combat | 1 |  1.9
Spellcasting   | 1 |  1.9
Conjurations   | 1 |  1.5
Hexes          | 1 |  1.5
Charms         | 1 |  1.5
Summonings     | 1 |  1.5
Necromancy     | 1 |  1.5
Translocations | 1 |  1.5
Transmutations | 1 |  1.5
Fire Magic     | 1 |  1.5
Ice Magic      | 1 |  1.5
Air Magic      | 1 |  1.5
Earth Magic    | 1 |  1.5
Poison Magic   | 1 |  1.5
Fighting       | 3 |  3.2
Long Blades    | 3 |  3.2
Dodging        | 5 |  5.0
Evocations     | 5 |  5.0
Short Blades   | |  8.7

Action                   |  1- 3 |  4- 6 || total
-------------------------+-------+-------++-------
Melee: Short sword       |    82 |    92 ||   174
       Bite              |     5 |    15 ||    20
       Punch             |       |     1 ||     1
       Spear             |       |    13 ||    13
       Quarterstaff      |       |     4 ||     4
 Stab: Sleeping          |     2 |     3 ||     5
       Invisible         |       |     2 ||     2
  Eat: Chunk             |       |     2 ||     2
       Ration            |       |     3 ||     3
Armor: Robe              |    11 |       ||    11
       Leather armour    |       |     7 ||     7
Dodge: Dodged            |    51 |    66 ||   117
